 Dungeon Crawl Stone Soup version 0.25-a0-504-g768f60da87 (webtiles) character file.

Game seed: 3514764986335675440, levelgen mode: deterministic

485 Roikka the Sneak (level 7, -10/36 HPs)
             Began as a Kobold Summoner on Feb 14, 2020.
             Killed by divine providence
             ... invoked by an orc priest
              (14 damage)
             ... on level 4 of the Dungeon.
             The game lasted 00:17:06 (3444 turns).

Roikka the Sneak (Kobold Summoner)                  Turns: 3444, Time: 00:17:07

Health: -10/36     AC:  5    Str:  6    XL:     7   Next: 35%
Magic:  11/12      EV: 14    Int: 16    God:
Gold:   167        SH:  0    Dex: 17    Spells: 5/13 levels left

rFire    + . .     SeeInvis .   a - +2 dagger (venom)
rCold    + . .     Gourm    .   (shield restricted)
rNeg     . . .     Faith    .   v - +0 leather armour
rPois    .         Spirit   .   k - +1 helmet
rElec    .         Reflect  .   l - scarf {rC+ rF+}
rCorr    .         Harm     .   (no gloves)
MR       .....                  (no boots)
Stlth    +++.......             (no amulet)
HPRegen  0.12/turn              (no ring)
MPRegen  0.13/turn              (no ring)

@: no status effects
A: small, carnivore
a: no special abilities


You were on level 4 of the Dungeon.
You were completely stuffed.

You visited 1 branch of the dungeon, and saw 4 of its levels.

You collected 167 gold pieces.

Inventory:

Hand Weapons
 a - a +2 dagger of venom (weapon)
 b - a +1 short sword of electrocution
Missiles
 u - 9 poisoned darts (quivered)
Armour
 k - a +1 helmet (worn)
 l - a scarf of resistance (worn)
 v - a +0 leather armour (worn)
Wands
 h - a wand of enslavement (2)
 j - a wand of disintegration (18)
Scrolls
 e - 2 scrolls of remove curse
 f - a scroll of amnesia
 r - 3 scrolls of identify {unknown}
 t - a scroll of immolation {unknown}
Potions
 d - a potion of haste {unknown}
 g - a potion of lignification {unknown}
 i - 2 potions of flight {unknown}
 m - 2 potions of curing {unknown}
 q - a potion of mutation {unknown}
 s - a potion of agility {unknown}
Comestibles
 c - 3 rations
 n - 4 chunks of flesh


   Skills:
 + Level 4.6 Short Blades
 - Level 2.6 Dodging
 * Level 6.0 Stealth
 + Level 3.6 Spellcasting
 + Level 2.0 Hexes
 + Level 4.9 Summonings


You had 5 spell levels left.
You knew the following spells:

 Your Spells              Type           Power        Failure   Level  Hunger
a - Summon Small Mammal   Summ           ###.         3%          1    None
b - Call Imp              Summ           ###.....     5%          2    ##.....
c - Call Canine Familiar  Summ           ###.....     11%         3    ###....
d - Slow                  Hex            #.......     17%         2    ##.....

Your spell library contained the following spells:

 Spells                   Type           Power        Failure   Level  Hunger
 Summon Guardian Golem    Hex/Summ       ##......     19%         3    ###....
 Magic Dart               Conj           #...         26%         1    None
 Blink                    Tloc           N/A          38%         2    ##.....
 Conjure Flame            Conj/Fire      #.......     63%         3    ###....
 Mephitic Cloud           Conj/Pois/Air  #.......     63%         3    ###....
 Summon Ice Beast         Ice/Summ       ##......     69%         4    ####...
 Summon Lightning Spire   Summ/Air       ##......     69%         4    ####...


Dungeon Overview and Level Annotations

Branches:
Dungeon (4/15)
 Temple: D:4-7

Altars:
Elyvilon


Innate Abilities, Weirdness & Mutations

You are small and have problems with some larger weapons.
You are carnivorous and can eat meat at any time.


Message History

Aim: an orc priest, wielding a +0 dagger and wearing a +0 leather armour (heavily wounded, poisoned)
You throw a poisoned dart.
The poisoned dart closely misses the orc priest.
Your crimson imp hits the orc priest but does no damage.
The orc priest mumbles some strange prayers to Beogh against you.
Beogh smites you!
* * * LOW HITPOINT WARNING * * *
The orc wizard casts a spell.
The orc wizard flickers and vanishes!
Deactivating autopickup; reactivate with Ctrl-A.
Your crimson imp barely misses the orc priest.
The orc priest hits you with a +0 dagger.
* * * LOW HITPOINT WARNING * * *
Something misses your crimson imp.
You hit the orc priest.
The orc priest is severely wounded.
Your crimson imp barely misses the orc priest.
The orc priest calls down the wrath of Beogh upon you.
Beogh smites you!
You die...

#..........#..........
###..........#..........
.((..........#.##...##..
..........#'##.##...####
..........#.....#.......
((........#.>...#.......
.....{....#.....#.......
......5o..#######...##..
.(...(o@........#...##..
..........).)...#...##'#
................#...#...
###.............+...#...
#.............#'###...
###'#########.........
... #..^...... #..
#......### #......#


You could see an orc priest, an orc and a friendly crimson imp.

Vanquished Creatures
  2 howler monkeys (D:4)
  An orc wizard (D:4)
  An iguana (D:4)
  2 worker ants (D:4)
  3 adders
  An ooze (D:1)
  A dart slug (D:2)
  3 leopard geckos
  5 orcs
  4 bats
  3 giant cockroaches
  3 goblins
  8 hobgoblins
  A jackal (D:3)
  A quokka (D:3)
  6 frilled lizards
  16 kobolds
  A leopard gecko skeleton (D:4)
  11 rats
73 creatures vanquished.

Vanquished Creatures (collateral kills)
  The ghost of ICC the Cutter, an amateur VSFi (D:3)
  An ogre (D:4)
  An orc wizard (D:3)
  An ooze (D:3)
  2 leopard geckos (D:1)
  4 orcs (D:3)
  A bat (D:1)
  2 giant cockroaches
  4 goblins (D:1)
  A hobgoblin (D:3)
  3 jackals (D:3)
  A quokka (D:3)
  A ball python (D:1)
  6 kobolds
  2 rats (D:1)
31 creatures vanquished.

Grand Total: 104 creatures vanquished

Notes
Turn   | Place    | Note
-------+----------+-------------------------------------------
     0 | D:1      | Roikka the Kobold Summoner began the quest for the Orb.
     0 | D:1      | Reached XP level 1. HP: 10/10 MP: 3/3
     1 | D:1      | Noticed an electric eel
   445 | D:1      | Reached XP level 2. HP: 14/15 MP: 1/5
   449 | D:1      | Reached skill level 3 in Stealth
   453 | D:1      | Learned a level 2 spell: Call Imp
   766 | D:1      | Reached skill level 1 in Short Blades
   798 | D:1      | Reached XP level 3. HP: 19/19 MP: 6/6
  1509 | D:2      | Learned a level 3 spell: Call Canine Familiar
  1530 | D:2      | Reached XP level 4. HP: 17/24 MP: 3/8
  1856 | D:3      | Learned a level 2 spell: Slow
  1956 | D:3      | Found a white marble altar of Elyvilon.
  2227 | D:3      | Found a runed translucent gate.
  2227 | D:3      | Found a runed translucent gate.
  2227 | D:3      | Found a runed translucent gate.
  2228 | D:3      | Noticed ICC's ghost (amateur VSFi)
  2245 | D:3      | Reached XP level 5. HP: 22/28 MP: 9/9
  2246 | D:3      | Reached skill level 4 in Stealth
  2285 | D:3      | Killed ICC's ghost
  2285 | D:3      | Reached skill level 1 in Hexes
  2590 | D:3      | Reached XP level 6. HP: 27/32 MP: 10/10
  2875 | D:4      | Reached skill level 5 in Stealth
  3126 | D:4      | Reached XP level 7. HP: 31/36 MP: 8/12
  3416 | D:4      | Reached skill level 6 in Stealth
  3444 | D:4      | Killed from afar by an orc priest

Levels and vault maps discovered:
D:1:      arrival_aquarium_a, layout_loops_ring, serial_bayou_pond_e
D:2:      layout_rooms
D:3:      layout_rooms, gammafunk_ghost_nasty_kobolds, elyvilon_altar_1
D:4:      layout_gridville

Skill      XL: |  1  2  3  4  5  6  7 |
---------------+----------------------+-----
Stealth        | 3 4 5 6 |  6.0
Short Blades   | 1 2 3 4 |  4.6
Spellcasting   | 3 |  3.6
Hexes          | 1 2 |  2.0
Dodging        | |  2.6
Summonings     | |  4.9

Action                   |  1- 3 |  4- 6 |  7- 9 || total
-------------------------+-------+-------+-------++-------
Melee: Unarmed           |    27 |       |       ||    27
       Dagger            |    69 |    96 |     7 ||   172
       Short sword       |       |    30 |     8 ||    38
Throw: Dart              |       |     1 |     6 ||     7
 Cast: Summon Small Mamm |     5 |       |       ||     5
       Call Imp          |     9 |    11 |     4 ||    24
  Use: Scroll            |       |     8 |       ||     8
 Stab: Sleeping          |     7 |     5 |       ||    12
       Distracted        |     1 |       |       ||     1
  Eat: Chunk             |    11 |     5 |     2 ||    18
Armor: Robe              |    16 |    11 |       ||    27
       Leather armour    |       |    17 |     2 ||    19
Dodge: Dodged            |   105 |    86 |     6 ||   197

Table legend:
 A = Non-vault XP
 B = Vault XP
 C = Vault XP percentage of total XP
 D = Non-vault monster count
 E = Vault monster count
 F = Vault count percentage of total count
                 A         B        C        D         E       F
            +---------+---------+-------+---------+---------+-------
      Total |     562 |     131 |  18.9 |      93 |      11 |  10.6
            +---------+---------+-------+---------+---------+-------
        D:1 |      54 |       0 |   0.0 |      34 |       0 |   0.0
        D:2 |      31 |       0 |   0.0 |      13 |       0 |   0.0
        D:3 |     128 |     131 |  50.6 |      37 |      11 |  22.9
        D:4 |     349 |       0 |   0.0 |       9 |       0 |   0.0
            +---------+---------+-------+---------+---------+-------
